 Dungeon Crawl Stone Soup version 0.26-a0-597-gb535b0901c (webtiles) character file.

Game seed: 4978705501991309077

30741 MrRokkomies the Cardsharp (level 13, -3/47 HPs)
             Began as a Felid Enchanter on Aug 27, 2020.
             Was a High Priest of Nemelex Xobeh.
             Slain by a troll (13 damage)
             ... on level 1 of the Orcish Mines.
             The game lasted 01:15:03 (24832 turns).

MrRokkomies the Cardsharp (Felid Enchanter)        Turns: 24832, Time: 01:15:05

Health: -3/47      AC:  3    Str:  9    XL:     13   Next: 22%
Magic:  20/27      EV: 26    Int: 24    God:    Nemelex Xobeh [*****.]
Gold:   668        SH:  0    Dex: 17    Spells: 3/30 levels left
                                        Lives:  0   Deaths: 3

rFire    . . .     SeeInvis +     - Unarmed
rCold    + . .     Faith    .   (shield unavailable)
rNeg     . . .     Spirit   .   (armour unavailable)
rPois    +         Reflect  .   (helmet unavailable)
rElec    +         Harm     .   (cloak unavailable)
rCorr    +                      (gloves unavailable)
MR       +....                  (boots unavailable)
Stlth    +++++.....             i - amulet "Huof" {Acrobat rElec}
HPRegen  0.15/turn              J - ring of Monnihumma {rPois rCorr Str+5 Int-3}
MPRegen  0.20/turn              r - +6 ring of intelligence

@: studying Spellcasting, quick
A: very small, no armour, no weapons or thrown items, stealth, claws 1, fangs 3,
see invisible, speed 1, shaggy fur 3, sharp paws
a: Draw Escape, Draw Destruction, Draw Summoning, Triple Draw, Deal Four, Stack
Five, Renounce Religion


You were on level 1 of the Orcish Mines.
You worshipped Nemelex Xobeh.
Nemelex Xobeh was extremely pleased with you.
You visited 4 branches of the dungeon, and saw 20 of its levels.
You also visited: Sewer, Ice Cave and Volcano.

You collected 1548 gold pieces.
You spent 880 gold pieces at shops.

Inventory:

Jewellery
 h - an uncursed ring of ice
 i - the amulet "Huof" (around neck) {Acrobat rElec}
   (You found it on level 6 of the Lair of Beasts)

   [amulet of the acrobat]

   It helps you evade while moving and waiting.
   It insulates you from electricity.
 m - an uncursed ring of wizardry
 r - a +6 ring of intelligence (right paw)
 s - an uncursed amulet of regeneration
 u - an uncursed ring of positive energy
 J - the ring of Monnihumma (left paw) {rPois rCorr Str+5 Int-3}
   (You found it on level 5 of the Lair of Beasts)

   [ring of resist corrosion]

   It affects your strength (+5).
   It affects your intelligence (-3).
   It protects you from poison.
   It provides partial protection from all sources of acid and corrosion.
Wands
 l - a wand of polymorph (6)
 t - a wand of digging (4)
 M - a wand of iceblast (21)
Scrolls
 c - 6 scrolls of teleportation
 e - 3 scrolls of amnesia
 f - 4 scrolls of magic mapping
 j - 2 scrolls of blinking
 k - 6 scrolls of identify
 v - 2 scrolls of immolation
 w - a scroll of silence
 y - 4 scrolls of fog
 B - 3 scrolls of fear
 C - 2 scrolls of summoning
 G - 7 scrolls of remove curse
Potions
 a - 5 potions of stabbing
 b - 2 potions of might
 d - 7 potions of lignification
 g - 6 potions of flight
 n - 3 potions of brilliance
 o - a potion of cancellation
 p - 5 potions of haste
 q - 2 potions of resistance
 z - 3 potions of mutation
 A - a potion of curing
 E - 5 potions of berserk rage
 F - a potion of invisibility
 K - a potion of heal wounds
Books
 I - a manual of Spellcasting
Miscellaneous
 x - a tin of tremorstones (3/3)
 H - a phial of floods
 L - a condenser vane (2/2)


   Skills:
 - Level 10.0 Dodging
 - Level 10.0 Stealth
 - Level 12.0 Unarmed Combat
 + Level 9.2 Spellcasting
 * Level 5.4 Conjurations
 - Level 12.0 Hexes
 * Level 5.5 Air Magic
 + Level 13.1 Invocations
 - Level 10.0 Evocations


You had 3 spell levels left.
You knew the following spells:

 Your Spells              Type           Power        Failure   Level
a - Confusing Touch       Hex            ######..     1%          3
b - Ensorcelled Hibernat  Hex/Ice        #####.       1%          2
c - Blink                 Tloc           N/A          9%          2
d - Dazzling Flash        Conj/Hex       ######       1%          3
e - Tukima's Dance        Hex            ######..     1%          3
f - Magic Dart            Conj           ####         1%          1
g - Summon Lightning Spi  Summ/Air       ###.....     19%         4
h - Mephitic Cloud        Conj/Pois/Air  ####....     3%          3
i - Beastly Appendage     Tmut           ##....       6%          1
j - Silence               Hex/Air        ######....   4%          5

Your spell library contained the following spells:

 Spells                   Type           Power        Failure   Level
 Corona                   Hex            ######.      1%          1
 Slow                     Hex            ######..     1%          2
 Conjure Flame            Conj/Fire      ###.....     5%          3
 Call Imp                 Summ           ##......     9%          2
 Wereblood                Tmut           ##......     9%          2
 Spider Form              Tmut/Pois      ##........   17%         3
 Metabolic Englaciation   Hex/Ice        #####.....   14%         5
 Irradiate                Conj/Tmut      ###.......   45%         5
 Ice Form                 Ice/Tmut       ##......     50%         4
 Conjure Ball Lightning   Conj/Air       #####.....   67%         6
 Blade Hands              Tmut           ##........   85%         5
 Freezing Cloud           Conj/Ice/Air   ####......   89%         6
 Hydra Form               Tmut           ##........   100%        6
 Ozocubu's Refrigeration  Ice            ##........   100%        6
 Simulacrum               Ice/Necr       ##........   100%        6
 Statue Form              Tmut/Erth      ##.......    100%        6
 Dragon Form              Tmut           ##........   100%        7
 Tornado                  Air            #####.....   100%        9


Dungeon Overview and Level Annotations

Branches:
Dungeon (12/15)            Temple (1/1) D:4            Lair (6/6) D:11
  Swamp (0/4) Lair:3       Spider (0/4) Lair:3        Slime (0/5) Lair:5
    Orc (1/2) D:11          Sewer (visited)           IceCv (visited)
Volcano (visited)

Altars:
Ashenzari
Cheibriados
Dithmenos
Elyvilon
Fedhas
Gozag
Hepliaklqana
Kikubaaqudgha
Makhleb
Nemelex Xobeh
Okawaru
Qazlal
Ru
Sif Muna
Trog
Uskayaw
Vehumet
Wu Jian
Xom
Yredelemnul
Zin
The Shining One
Beogh
Jiyva

Shops:
D:5 }   Orc:1 :

Annotations:
D:8 2 transporters, radzia's ghost, novice VSFi
D:10 2 transporters, TryExcept's ghost, novice DgTm


Innate Abilities, Weirdness & Mutations

You cannot wear armour.
You are incapable of wielding weapons or throwing items.
Your paws allow you to move quietly. (Stealth)
You have sharp claws.
You have razor-sharp teeth.
You have supernaturally acute eyesight. (SInv)
You cover ground quickly.
Your thick and shaggy fur keeps you warm. (AC +3, rC+)
Your sharp claws are effective at attacking unaware monsters.


Message History

The orc misses you.
You see here a +0 club.
You claw the orc!
You kill the orc!
Things that are here:
a +0 whip; a +0 leather armour A troll comes into view.
You are too injured to fight recklessly!
There is an entrance to Ozxemnat's Book Emporium here.
Casting: Tukima's Dance (safe; 1% risk of failure)
Confirm with . or Enter, or press ? or * to list all spells.
Aiming: Ensorcelled Hibernation (safe; 1% risk of failure)
Press: ? - help, Shift-Dir - straight line, f - troll
Aim: a troll (chance to defeat MR: 67%)
The troll resists with significant effort.
The troll bites you!
* * * LOW HITPOINT WARNING * * *
The troll claws you!
You die...
Your body glows with a rainbow of weird colours and disappears.

## ##.## ### ###...#
##.### ##))..#
#....## #...[##
##.....#
##.)).###...#.## ##
##.#\.##.).)####
##.###.....#..).###
.#$..#.....@T....#.##
..................<.#
#.............#..#.##
.....$.......##.^.##
#............###.##
#.........#.#.####
...........#..$#
#..>..........##
#...o....#.#.#.#


You could see a troll.

Vanquished Creatures
  A dire elephant (Lair:6)
  Snorg (D:10)
  7 hydras
  A catoblepas (Lair:6)
  A dancing weapon (Volcano)
  8 death yaks
  An alligator (Lair:6)
  A deep troll shaman (Lair:6)
  A fire crab (Lair:6)
  2 unseen horrors
  2 lindwurms
  Pikel (D:6)
  4 wizards (Volcano)
  A necromancer (IceCv)
  3 elephants (Lair:6)
  A manticore (Volcano)
  4 toenail golems (Volcano)
  5 black mambas
  An ice statue (IceCv)
  A gargoyle (D:11)
  Maggie (D:7)
  9 cane toads
  2 rime drakes
  10 freezing wraiths (IceCv)
  8 komodo dragons
  2 trolls (D:9)
  2 jumping spiders (Lair:3)
  2 polar bears
  A slime creature (D:10)
  8 hippogriffs
  14 blink frogs
  6 dream sheep
  3 redbacks (Lair:3)
  28 yaks
  5 basilisks
  A golden eye (Lair:6)
  A human (Lair:6)
  A hog (Lair:6)
  3 death yak simulacra (IceCv)
  A soldier ant (D:11)
  13 water moccasins
  Duvessa (D:5)
  8 porcupines
  3 orc warriors
  A sky beast (D:8)
  Purgy (Sewer)
  10 ice beasts
  A necrophage (D:11)
  8 ogres
  3 phantoms
  11 wolves
  5 centaurs
  7 crocodiles
  A lemure (D:7)
  A big kobold (D:9)
  21 bullfrogs
  A wyvern zombie (D:6)
  3 scorpions
  Dowan (D:5)
  6 killer bees (D:9)
  4 wights (D:8)
  5 howler monkeys
  An electric eel (Lair:3)
  A crimson imp (IceCv)
  2 draconian simulacra (IceCv)
  A centaur zombie (D:10)
  7 hounds
  A centaur skeleton (D:7)
  11 jellies
  6 orc priests
  A bullfrog skeleton (D:10)
  An iron imp (IceCv)
  9 orc wizards
  Terence (D:2)
  3 iguanas
  Natasha (twice) (D:2)
  12 worker ants
  2 spriggan simulacra (IceCv)
  7 troll simulacra (IceCv)
  A polar bear simulacrum (IceCv)
  A centaur simulacrum (IceCv)
  A hound zombie (D:5)
  2 hound skeletons (D:5)
  A howler monkey zombie (D:5)
  A worker ant zombie (D:7)
  Robin (D:3)
  A howler monkey skeleton (D:6)
  6 naga simulacra (IceCv)
  2 ogre simulacra (IceCv)
  11 adders
  A river rat (D:3)
  A shadow imp (D:7)
  10 white imps
  3 ufetubi
  8 oozes (D:10)
  2 adder zombies
  A dart slug (D:4)
  7 leopard geckos
  40 orcs
  2 ball pythons (Sewer)
  8 bats
  9 giant cockroaches
  12 goblins
  11 hobgoblins
  5 jackals
  4 quokkas
  9 frilled lizards
  2 jackal skeletons
  11 kobolds
  A leopard gecko zombie (D:6)
  9 rats
  A spectral orc (D:3)
523 creatures vanquished.

Vanquished Creatures (collateral kills)
  Harold (Lair:2)
  Erica (D:8)
  A two-headed ogre (D:8)
  6 death yaks
  2 ugly things
  A toenail golem (Volcano)
  10 dream sheep
  4 orc warriors
  3 ogres
  An orc priest (D:9)
  5 orcs
35 creatures vanquished.

Vanquished Creatures (others)
  An orc (D:11)
  43 fungi
  55 plants
99 creatures vanquished.

Grand Total: 657 creatures vanquished

Notes
Turn   | Place    | Note
-------+----------+-------------------------------------------
     0 | D:1      | MrRokkomies the Felid Enchanter began the quest for the
                  | Orb.
     0 | D:1      | Reached XP level 1. HP: 7/7 MP: 4/4
     2 | D:1      | Noticed a ghoul
     2 | D:1      | Noticed a centaur
     4 | D:1      | Noticed a minotaur
     4 | D:1      | Noticed a draconian
     6 | D:1      | Noticed a naga
     6 | D:1      | Noticed an octopode
     8 | D:1      | Noticed an ogre
     8 | D:1      | Noticed a tengu
    10 | D:1      | Noticed a gargoyle
    12 | D:1      | Noticed a halfling
    12 | D:1      | Noticed a felid
    14 | D:1      | Noticed a demonspawn
    14 | D:1      | Noticed a vampire
    16 | D:1      | Noticed a human
    18 | D:1      | Noticed a dwarf
    18 | D:1      | Noticed a troll
    20 | D:1      | Noticed an elf
    22 | D:1      | Noticed a merfolk
    24 | D:1      | Noticed a demigod
    24 | D:1      | Noticed a formicid
    26 | D:1      | Noticed a spriggan
    26 | D:1      | Noticed a vine stalker
   456 | D:1      | Reached XP level 2. HP: 2/11 MP: 6/6
   544 | D:1      | Learned a level 2 spell: Ensorcelled Hibernation
  1586 | D:1      | Reached skill level 5 in Hexes
  1740 | D:1      | Reached XP level 3. HP: 14/14 MP: 7/7
  2131 | D:1      | Learned a level 3 spell: Confusing Touch
  2355 | D:2      | Noticed Terence
  2366 | D:2      | Killed Terence
  2366 | D:2      | Reached XP level 4. HP: 18/18 MP: 4/8
  2678 | D:2      | Noticed Natasha
  2683 | D:2      | Killed Natasha
  2805 | D:2      | Noticed Natasha
  2823 | D:2      | Killed Natasha
  2875 | D:2      | Reached XP level 5. HP: 15/21 MP: 6/9
  3254 | D:3      | Found a glowing drain.
  3258 | Sewer    | Entered a sewer
  3293 | Sewer    | Noticed Purgy
  3299 | Sewer    | Killed Purgy
  3299 | Sewer    | Reached skill level 5 in Stealth
  3788 | D:3      | Found a basalt altar of Yredelemnul.
  3865 | D:3      | Gained mutation: You are covered in thick fur. (AC +2)
                  | [Felid growth]
  3865 | D:3      | Reached XP level 6. HP: 24/24 MP: 7/10
  3958 | D:3      | You fall into a shaft and drop 1 floor!
  4271 | D:3      | Noticed Robin
  4284 | D:3      | Killed Robin
  4592 | D:4      | Found an opulent altar of Gozag.
  4958 | D:4      | Found a staircase to the Ecumenical Temple.
  5186 | D:5      | Entered Level 5 of the Dungeon
  5237 | D:4      | Reached XP level 7. HP: 27/27 MP: 7/11
  5339 | D:5      | Found a hazy altar of Hepliaklqana.
  5344 | D:5      | Found a blossoming altar of Fedhas.
  5573 | D:5      | Found a snail-covered altar of Cheibriados.
  5625 | D:5      | Noticed Duvessa
  5625 | D:5      | Noticed Dowan
  5654 | D:5      | Killed Dowan
  5654 | D:5      | Reached skill level 5 in Dodging
  5857 | D:5      | Killed Duvessa
  5857 | D:5      | Reached skill level 5 in Unarmed Combat
  5891 | D:5      | Found a white marble altar of Elyvilon.
  5950 | D:5      | Found Sudytab's Gadget Shoppe.
  5982 | Temple   | Entered the Ecumenical Temple
  6078 | Temple   | Became a worshipper of Nemelex Xobeh the Trickster
  6130 | D:5      | Received a gift from Nemelex Xobeh
  6151 | D:5      | Learned a level 2 spell: Blink
  6155 | D:5      | Learned a level 3 spell: Dazzling Flash
  6484 | D:6      | Reached skill level 1 in Invocations
  6708 | D:6      | Reached XP level 8. HP: 31/31 MP: 8/12
  6799 | D:6      | Reached skill level 2 in Invocations
  7887 | D:6      | Reached * piety under Nemelex Xobeh
  8591 | D:7      | Reached skill level 3 in Invocations
  8675 | D:7      | Noticed Pikel
  8751 | D:6      | Killed Pikel
  8751 | D:6      | Reached skill level 4 in Invocations
  8751 | D:6      | Reached XP level 9. HP: 24/34 MP: 7/13
  8956 | D:7      | Found a burning altar of Makhleb.
  9418 | D:7      | Received a gift from Nemelex Xobeh
  9734 | D:7      | Found a sacrificial altar of Ru.
  9926 | D:7      | Noticed Maggie
  9932 | D:7      | Killed Maggie
  9932 | D:7      | Reached skill level 5 in Invocations
  9936 | D:7      | Reached skill level 10 in Hexes
 10048 | D:8      | Noticed a two-headed ogre
 10048 | D:8      | Noticed a brown ugly thing
 10050 | D:8      | Noticed Erica
 10318 | D:8      | Found a shimmering altar of Xom.
 10318 | D:8      | Found a shimmering altar of Xom.
 10343 | D:8      | Killed a two-headed ogre
 10347 | D:8      | Killed a brown ugly thing
 10347 | D:8      | Reached skill level 6 in Invocations
 10347 | D:8      | Reached XP level 10. HP: 37/37 MP: 15/15
 10366 | D:8      | Killed from afar by Erica
 10367 | D:8      | Reached XP level 9. HP: -7/34 MP: 14/14
 10448 | D:8      | Found a transporter.
 10707 | D:8      | Found a shimmering altar of Xom.
 10769 | D:8      | Found a shimmering altar of Xom.
 10798 | D:8      | HP: 1/34 [Erica/bolt of poison (33)]
 10800 | D:8      | Killed Erica
 10854 | D:8      | Found a glowing golden altar of the Shining One.
 11020 | D:8      | Found a transporter.
 11025 | D:8      | Noticed radzia's ghost (novice VSFi)
 11091 | D:9      | Found a blossoming altar of Fedhas.
 11563 | D:9      | Reached ** piety under Nemelex Xobeh
 11565 | D:9      | Received a gift from Nemelex Xobeh
 11750 | D:9      | Noticed a troll
 11773 | D:9      | Killed a troll
 11773 | D:9      | Reached skill level 7 in Invocations
 11773 | D:9      | Reached XP level 10. HP: 37/37 MP: 12/16
 12247 | D:10     | Entered Level 10 of the Dungeon
 12295 | D:10     | Noticed Snorg
 12613 | D:10     | Reached skill level 10 in Stealth
 12809 | D:10     | Learned a level 3 spell: Tukima's Dance
 13059 | D:10     | Noticed an unseen horror
 13181 | D:10     | Killed an unseen horror
 13181 | D:10     | Reached skill level 8 in Invocations
 13254 | D:10     | Killed Snorg
 13264 | D:10     | Found a transporter.
 13265 | D:10     | Found a transporter.
 13266 | D:10     | Noticed TryExcept's ghost (novice DgTm)
 13670 | D:11     | Found a staircase to the Lair.
 13670 | D:11     | Noticed a death yak
 13670 | D:11     | Noticed a death yak
 13670 | D:11     | Noticed a green ugly thing
 13677 | D:11     | Noticed a death yak
 13678 | D:11     | Noticed a death yak
 13678 | D:11     | Noticed a death yak
 13679 | D:11     | Killed a death yak
 13679 | D:11     | Reached skill level 10 in Unarmed Combat
 13679 | D:11     | Reached XP level 11. HP: 40/40 MP: 18/18
 13683 | D:11     | Killed a death yak
 13691 | D:11     | Killed a death yak
 13694 | D:11     | Killed a death yak
 13696 | D:11     | Killed a green ugly thing
 13719 | D:11     | Killed a death yak
 13719 | D:11     | Reached skill level 9 in Invocations
 13782 | D:11     | Received a gift from Nemelex Xobeh
 14013 | D:11     | Reached skill level 10 in Dodging
 14013 | D:11     | Reached skill level 1 in Evocations
 14057 | D:11     | Noticed an unseen horror
 14064 | D:11     | Killed an unseen horror
 14476 | D:11     | Found a staircase to the Orcish Mines.
 14511 | D:11     | Found a roughly hewn altar of Beogh.
 14912 | D:11     | HP: 2/40 [yak (15)]
 15056 | Lair:1   | Entered Level 1 of the Lair of Beasts
 15148 | Lair:1   | Received a gift from Nemelex Xobeh
 15179 | Lair:1   | Reached *** piety under Nemelex Xobeh
 15348 | Lair:1   | Reached skill level 10 in Invocations
 15482 | Lair:1   | Reached skill level 5 in Evocations
 15559 | Lair:1   | Identified a scroll of acquirement
 15559 | Lair:1   | Acquired a manual of Spellcasting
 15675 | Lair:1   | Noticed a death yak
 15676 | Lair:1   | Noticed a death yak
 15677 | Lair:1   | Noticed a death yak
 15677 | Lair:1   | Noticed a death yak
 15704 | Lair:1   | Killed a death yak
 15704 | Lair:1   | Gained mutation: Your thick and shaggy fur keeps you warm.
                  | (AC +3, rC+) [Felid growth]
 15704 | Lair:1   | Reached XP level 12. HP: 44/44 MP: 18/20
 15734 | Lair:1   | Killed a death yak
 15743 | Lair:1   | Killed a death yak
 15857 | Lair:1   | Killed a death yak
 16037 | Lair:1   | Received a gift from Nemelex Xobeh
 16232 | Lair:2   | Found a dark tunnel.
 16276 | Volcano  | Entered a volcano
 16376 | Volcano  | Reached skill level 11 in Invocations
 16865 | Lair:2   | Reached skill level 5 in Spellcasting
 16959 | Lair:2   | Noticed Harold
 16964 | Lair:2   | Reached **** piety under Nemelex Xobeh
 16968 | Lair:2   | Killed Harold
 16972 | Lair:2   | Received a gift from Nemelex Xobeh
 17468 | Lair:3   | Noticed a four-headed hydra
 17563 | Lair:2   | Killed a four-headed hydra
 17847 | Lair:3   | Learned a level 1 spell: Magic Dart
 17852 | Lair:3   | Learned a level 4 spell: Summon Lightning Spire
 17856 | Lair:3   | Learned a level 3 spell: Mephitic Cloud
 17955 | Lair:3   | Received a gift from Nemelex Xobeh
 18058 | Lair:3   | Found a hole to the Spider Nest.
 18064 | Lair:3   | Reached XP level 13. HP: 47/47 MP: 19/22
 18221 | Lair:3   | Received a gift from Nemelex Xobeh
 18333 | Lair:3   | Found a staircase to the Swamp.
 19308 | Lair:5   | Reached skill level 12 in Invocations
 19474 | Lair:5   | Got a twitching granite ring
 19476 | Lair:5   | Identified the ring of Monnihumma {rPois rCorr Str+5 Int-3}
                  | (You found it on level 5 of the Lair of Beasts)
 19544 | Lair:5   | Received a gift from Nemelex Xobeh
 19659 | Lair:5   | Reached ***** piety under Nemelex Xobeh
 19821 | Lair:5   | Received a gift from Nemelex Xobeh
 19951 | Lair:5   | Found a viscous altar of Jiyva.
 19952 | Lair:5   | Found a staircase to the Slime Pits.
 20224 | Lair:4   | Mangled by a black mamba
 20225 | Lair:4   | Reached XP level 12. HP: -8/44 MP: 22/23
 20304 | Lair:4   | Learned a level 1 spell: Beastly Appendage
 20455 | Lair:4   | Received a gift from Nemelex Xobeh
 21002 | Lair:4   | Reached skill level 10 in Evocations
 21111 | Lair:4   | Reached skill level 1 in Air Magic
 21304 | Lair:6   | Entered Level 6 of the Lair of Beasts
 21305 | Lair:6   | Reached skill level 1 in Conjurations
 21318 | Lair:6   | Received a gift from Nemelex Xobeh
 21393 | Lair:6   | Found a frozen archway.
 21395 | Lair:6   | Noticed an ice dragon
 21399 | Lair:6   | Noticed an alligator
 21399 | Lair:6   | an ice dragon changed into an alligator
 21402 | Lair:6   | Killed an alligator
 21402 | Lair:6   | Reached XP level 13. HP: 33/47 MP: 9/25
 21423 | IceCv    | Entered an ice cave
 21852 | IceCv    | HP: 2/47 [freezing wraith (11)]
 21852 | IceCv    | Mangled by a freezing wraith
 21853 | IceCv    | Reached XP level 12. HP: -12/44 MP: 25/25
 22009 | IceCv    | Found an ancient bone altar of Kikubaaqudgha.
 22679 | Lair:6   | Found a shimmering altar of Xom.
 22687 | Lair:6   | Noticed a seven-headed hydra
 22696 | Lair:6   | Killed a seven-headed hydra
 22700 | Lair:6   | Noticed an eight-headed hydra
 22712 | Lair:6   | Killed an eight-headed hydra
 22712 | Lair:6   | Noticed a four-headed hydra
 23100 | Lair:6   | Noticed a death yak
 23101 | Lair:6   | Noticed a catoblepas
 23101 | Lair:6   | Noticed a death yak
 23101 | Lair:6   | Noticed a death yak
 23101 | Lair:6   | Noticed a death yak
 23101 | Lair:6   | Noticed a death yak
 23101 | Lair:6   | Noticed a death yak
 23130 | Lair:6   | Killed a death yak
 23148 | Lair:6   | Killed a death yak
 23156 | Lair:6   | Killed a death yak
 23156 | Lair:6   | Reached skill level 13 in Invocations
 23303 | Lair:6   | Killed a four-headed hydra
 23327 | Lair:6   | Noticed an eight-headed hydra
 23355 | Lair:6   | Killed an eight-headed hydra
 23355 | Lair:6   | Reached XP level 13. HP: 18/47 MP: 26/26
 23465 | Lair:6   | Received a gift from Nemelex Xobeh
 23630 | Lair:6   | Reached skill level 5 in Air Magic
 23713 | Lair:6   | Reached skill level 5 in Conjurations
 23861 | Lair:6   | Noticed a dire elephant
 23909 | Lair:6   | Killed a dire elephant
 23961 | Lair:6   | Got a flickering amethyst amulet
 23972 | Lair:6   | Identified the amulet "Huof" {Acrobat rElec} (You found it
                  | on level 6 of the Lair of Beasts)
 24744 | Orc:1    | Entered Level 1 of the Orcish Mines
 24759 | Orc:1    | Learned a level 5 spell: Silence
 24785 | Orc:1    | Found Ozxemnat's Book Emporium.
 24790 | Orc:1    | Bought a book of Transfigurations for 880 gold pieces
 24832 | Orc:1    | Slain by a troll

Illustrated notes

Levels and vault maps discovered:
D:1:      kb_arrival_jail, layout_rooms, minmay_indecisive_spiral
D:2:      layout_rooms, uniq_terence, uniq_natasha
D:3:      layout_loops_corners, yredelemnul_forgotten_temple_becter,
          gup_sewer_entry_bowl, uniq_robin
D:4:      layout_loops_ring, grunt_gozag_breadcrumbs,
          minmay_temple_entry_from_below_a, chequers_arboretum
D:5:      layout_basic, lemuel_doored_altar, grunt_temple_overflow_open,
          basic_altar, kennysheep_windowed_goal, uniq_duvessa
D:6:      layout_basic
D:7:      layout_basic, basic_altar, nicolae_ru_great_annihilating_truth,
          uniq_pikel, uniq_maggie
D:8:      layout_rooms, tso_oasis_becter, gammafunk_ghost_stat_death,
          xom_shifter_show, uniq_erica
D:9:      layout_irregular_city, fedhas_altar_fruit_tree
D:10:     lemuel_slime, layout_basic, gammafunk_ghost_mausoleum,
          grunt_potential, uniq_snorg
D:11:     layout_stronghold, dpeg_lair_monsters, minmay_orc_entry_temple_small,
          hex_tiny
D:12:     layout_roguey, uniq_sonja
Temple:   lightli_temple_of_artemis
Lair:1:   layout_regular_city, chequers_serial_rivers_small_3,
          grunt_megastairs_5
Lair:2:   layout_cave_pods, nicolae_volcano_entry_vermiform, uniq_harold
Lair:3:   layout_cellular_growth, swamp_mist_pool,
          nicolae_spider_entry_tight_spaces
Lair:4:   layout_cave_pods, grunt_megastairs_1
Lair:5:   layout_cellular_growth, dpeg_slime_entry_enclosed_altar,
          grunt_forest_small_clearings, chequers_serial_rivers_micro_c,
          lemuel_fruit_fields
Lair:6:   grunt_lair_end_beastmaster, layout_loops_ring,
          portal_ice_cave_entry_animals_and_master, basic_altar,
          grunt_forest_stairs_basic
Orc:1:    layout_caves, gammafunk_ghost_fury_of_okawaru, serial_shops, shop

Skill      XL: |  1  2  3  4  5  6  7  8  9 10 11 12 13 |
---------------+----------------------------------------+-----
Dodging        | 3 4 5 6 8 9 10 | 10.0
Hexes          | 5 6 7 8 9 10 11 12 | 12.0
Unarmed Combat | 2 3 4 5 6 8 10 12 | 12.0
Stealth        | 5 6 7 9 10 | 10.0
Invocations    | 1 4 7 8 10 13 12 | 13.1
Evocations     | 5 10 9 | 10.0
Spellcasting   | 7 9 |  9.2
Air Magic      | 4 5 |  5.5
Conjurations   | 4 5 |  5.4

Action                   |  1- 3 |  4- 6 |  7- 9 | 10-12 | 13-15 || total
-------------------------+-------+-------+-------+-------+-------++-------
Melee: Unarmed           |   135 |   116 |   403 |   475 |   177 ||  1306
       Bite              |     6 |     5 |    33 |    43 |    11 ||    98
       Punch             |       |       |     7 |    15 |     8 ||    30
 Cast: Ensorcelled Hiber |    19 |    21 |    53 |   167 |    50 ||   310
       Confusing Touch   |     1 |     1 |    11 |     7 |     1 ||    21
       Dazzling Flash    |       |       |    11 |    28 |    23 ||    62
       Tukima's Dance    |       |       |       |     4 |     3 ||     7
       Magic Dart        |       |       |       |    14 |     1 ||    15
       Blink             |       |       |       |     6 |       ||     6
       Mephitic Cloud    |       |       |       |     4 |       ||     4
       Beastly Appendage |       |       |       |     1 |       ||     1
       Summon Lightning  |       |       |       |     1 |       ||     1
Invok: Draw Destruction  |       |       |     9 |    33 |    21 ||    63
       Draw Summoning    |       |       |     3 |    12 |     2 ||    17
Evoke: Wand              |       |       |     3 |    43 |     9 ||    55
       Condenser vane    |       |       |       |     1 |       ||     1
       Tin of tremorston |       |       |       |       |     1 ||     1
  Use: Scroll            |     9 |     6 |    11 |    11 |     1 ||    38
       Potion            |       |       |     5 |       |     2 ||     7
 Stab: Sleeping          |    17 |    24 |    57 |   119 |    37 ||   254
       Confused          |     2 |       |    12 |     8 |     4 ||    26
       Distracted        |       |     2 |     2 |     4 |     2 ||    10
       Paralysed         |       |       |     3 |     4 |     3 ||    10
       Invisible         |       |       |     9 |    10 |    12 ||    31
       Petrified         |       |       |       |     8 |       ||     8
Armor: Skin              |    12 |     4 |    15 |    15 |     8 ||    54
Dodge: Dodged            |   158 |    75 |   290 |   456 |   172 ||  1151

Table legend: (Time is in decaauts)
 A = Elapsed time spent in this place.
 B = Non-inter-level travel time spent in this place.
 C = Inter-level travel time spent in this place.
 D = Time resting spent in this place.
 E = Time spent auto-exploring this place.
 F = Levels seen in this place.
 G = Mean time per level.
                   A        B        C        D        E       F      G
               +--------+--------+--------+--------+--------+-----+--------+
         Total |  21999 |  21200 |    799 |   2784 |  13662 |  23 |  956.5 |
       Dungeon |  13138 |  12704 |    434 |   1628 |   8531 |  12 | 1094.8 |
        Temple |     98 |     78 |     20 |      0 |     70 |   1 |   98.0 |
          Lair |   7244 |   6899 |    345 |    875 |   4437 |   6 | 1207.3 |
  Orcish Mines |     76 |     76 |      0 |      0 |     29 |   1 |   76.0 |
         Sewer |    257 |    257 |      0 |      0 |    194 |   1 |  257.0 |
      Ice Cave |    761 |    761 |      0 |    211 |    240 |   1 |  761.0 |
       Volcano |    423 |    423 |      0 |     69 |    160 |   1 |  423.0 |
               +--------+--------+--------+--------+--------+-----+--------+

Top non-repeatable levels by time:
     D:1: 2034 daAuts
     D:6: 1905 daAuts
  Lair:6: 1692 daAuts
     D:7: 1446 daAuts
  Lair:5: 1346 daAuts
  Lair:4: 1262 daAuts
    D:11: 1186 daAuts
    D:10: 1183 daAuts
  Lair:3: 1092 daAuts
     D:9: 1090 daAuts
     D:4: 970 daAuts
  Lair:1: 942 daAuts
  Lair:2: 907 daAuts
     D:2: 903 daAuts
     D:5: 851 daAuts
